 Dungeon Crawl Stone Soup version 0.19.5 (webtiles) character file.

85 Megalobster the Chopper (level 4, -11/61 HPs)
             Began as a Minotaur Berserker on Apr 12, 2017.
             Was a Believer of Trog.
             Splashed by an oklob plant's acid (12 damage)
             ... on level 2 of the Dungeon.
             The game lasted 00:07:45 (1447 turns).

Megalobster the Chopper (Minotaur Berserker)        Turns: 1447, Time: 00:07:47

Health: -11/61     AC:  6    Str: 27    XL:     4   Next: 25%
Magic:  3/3        EV: 11    Int:  4    God:    Trog [**....]
Gold:   123        SH:  0    Dex: 10    Spells: 0 memorised, 3 levels left

rFire  . . .     SeeInvis .     a - +0 hand axe
rCold  . . .     Gourm    .     l - +0 ring mail
rNeg   . . .     Faith    .     (no shield)
rPois  .         Spirit   .     (helmet restricted)
rElec  .         Reflect  .     (no cloak)
rCorr  .         Harm     +     q - +0 pair of gloves
MR     .....                    (no boots)
Stlth  ..........               m - amulet of harm
                                (no ring)
                                (no ring)

@: berserking (expiring), very quick
A: retaliatory headbutt, horns 2
a: Berserk, Trog's Hand, Burn Spellbooks, Renounce Religion


You were on level 2 of the Dungeon.
You worshipped Trog.
Trog was pleased with you.
You were hungry.

You visited 1 branch of the dungeon, and saw 2 of its levels.

You collected 123 gold pieces.

Inventory:

Hand Weapons
 a - a +0 hand axe (weapon)
 o - a +0 hunting sling
 v - a +0 dagger of draining
Missiles
 k - 82 stones (quivered)
 r - 7 tomahawks
Armour
 b - a +0 animal skin
 l - a +0 ring mail (worn)
 q - a +0 pair of gloves (worn)
Jewellery
 m - an amulet of harm (around neck)
Wands
 u - a wand of iceblast (2/15)
Scrolls
 d - a scroll of identify {unknown}
 g - a scroll of recharging {unknown}
 h - a scroll of amnesia {unknown}
 i - a scroll of enchant armour {unknown}
 s - a scroll of random uselessness {unknown}
 w - a scroll of remove curse {unknown}
Potions
 e - a potion of heal wounds {unknown}
 n - 2 potions of ambrosia {unknown}
 p - a potion of cancellation {unknown}
 t - a potion of cure mutation {unknown}
Comestibles
 c - 2 bread rations
 j - 4 meat rations


   Skills:
 + Level 4.4 Fighting
 * Level 5.5 Axes
 - Level 2.4 Armour
 - Level 2.1 Dodging


You had 3 spell levels left.
You didn't know any spells.

Dungeon Overview and Level Annotations

Branches:
Dungeon (2/15)

Altars:
Fedhas
Trog

Annotations:
D:2 exclusion: oklob plant


Innate Abilities, Weirdness & Mutations

You reflexively headbutt those who attack you in melee.
You have a pair of horns on your head.


Message History

The oklob plant spits acid at you. The splash of acid hits you!
You are splashed with acid!
The acid burns!
You see here 2 fruits.
A red film seems to cover your vision as you go berserk!
You feel yourself moving faster!
You feel mighty!
You are feeling hungry.
You feel a strong urge to attack something.
The oklob plant spits acid at you. The splash of acid hits you!
You are splashed with acid!
The acid burns!
* * * LOW HITPOINT WARNING * * *
You see here a fruit.
You see here 2 fruits.
You slash the oklob plant! You headbutt the oklob plant.
The oklob plant is moderately damaged.
You hit the plant but do no damage. x2; You slash the fungus!
The oklob plant spits acid at you. The splash of acid hits you!
* * * LOW HITPOINT WARNING * * *
You are splashed with acid!
The acid burns!
You die... ######### ##PP#P.PP# PPP%P#PP##P ##P%.PP#PPPP. #P@%PPPPPP#PPPPPP P

#PP%PPPP.......PP#P
##P%PP#..≈≈≈≈≈..#.P
##P.P#..≈≈≈≈≈≈≈..P.
#P#.#..≈≈≈≈≈≈≈≈≈..P
#PP...≈≈≈≈≈≈≈≈≈≈≈.P
#P#.#÷≈≈≈≈...≈≈≈≈.#
#PP#P......_.≈≈≈≈..
#PP#P.≈≈≈≈...≈≈≈≈.#


You could see an oklob plant.

Vanquished Creatures
  3 adders (D:2)
  An ooze (D:1)
  3 worms (D:2)
  A leopard gecko (D:2)
  A giant cockroach (D:1)
  7 goblins (D:2)
  10 hobgoblins
  3 kobolds (D:1)
  9 bats
  3 frilled lizards
  2 rats (D:1)
  2 fungi (D:2)
  3 plants (D:2)
48 creatures vanquished.

Vanquished Creatures (others)
  2 fungi (D:2)
2 creatures vanquished.

Grand Total: 50 creatures vanquished

Notes
Turn   | Place    | Note
-------+----------+-------------------------------------------
     0 | D:1      | Megalobster the Minotaur Berserker began the quest for the Orb.
     0 | D:1      | Reached XP level 1. HP: 19/19 MP: 0/0
   240 | D:1      | Reached skill level 4 in Axes
   311 | D:1      | Reached XP level 2. HP: 27/27 MP: 1/1
   946 | D:2      | Reached XP level 3. HP: 33/33 MP: 2/2
   959 | D:2      | Reached skill level 5 in Axes
  1067 | D:2      | Reached ** piety under Trog
  1079 | D:2      | Reached XP level 4. HP: 38/41 MP: 3/3
  1185 | D:2      | Found a bloodstained altar of Trog.
  1368 | D:2      | Found a blossoming altar of Fedhas.
  1386 | D:2      | Noticed an oklob plant
  1447 | D:2      | HP: 1/61 [oklob plant/splash of acid (6)]
  1447 | D:2      | Splashed by an oklob plant's acid

Skill      XL: |  1  2  3 |
---------------+----------+-----
Axes           | 4 5 |  5.5
Fighting       | 4 |  4.4
Armour         | |  2.4
Dodging        | |  2.1

Action                   |  1- 3 |  4- 6 || total
-------------------------+-------+-------++-------
Melee: Hand axe          |    53 |    71 ||   124
       Headbutt          |    10 |    26 ||    36
Invok: Berserk           |     1 |     1 ||     2
  Eat: Chunk             |     1 |     2 ||     3
Armor: Animal skin       |     6 |       ||     6
       Ring mail         |    11 |     9 ||    20
Dodge: Dodged            |    44 |    21 ||    65
